 Dungeon Crawl Stone Soup version 0.19.0-1-g5985abe (webtiles) character file.

273 RomanaTColgate the Magician (level 6, -3/47 HPs)
             Began as a Draconian Conjurer on Nov 2, 2016.
             Slain by a sky beast (6 damage)
             ... on level 4 of the Dungeon.
             The game lasted 00:17:54 (3899 turns).

RomanaTColgate the Magician (Draconian Conjurer)    Turns: 3899, Time: 00:17:55

Health: -3/47      AC:  6    Str: 10    XL:     6   Next: 3%
Magic:  1/13       EV: 12    Int: 18    God:
Gold:   75         SH:  0    Dex: 11    Spells: 3 memorised, 9 levels left

rFire  . . .     SeeInvis .     i - +1 dagger (freeze)
rCold  . . .     Gourm    .     (armour unavailable)
rNeg   . . .     Faith    .     (no shield)
rPois  .         Spirit   .     (helmet restricted)
rElec  .         Reflect  .     (no cloak)
rCorr  .         Harm     .     (no gloves)
MR     .....                    (no boots)
Stlth  ++........               (no amulet)
                                (no ring)
                                (no ring)

@: very slightly contaminated
A: unfitting armour, cold-blooded, AC +6
a: no special abilities


You were on level 4 of the Dungeon.
You were very hungry.

You visited 1 branch of the dungeon, and saw 4 of its levels.

You collected 75 gold pieces.

Inventory:

Hand Weapons
 e - a +0 flail of crushing
 i - a +1 dagger of freezing (weapon)
 j - a cursed -1 dagger
Armour
 f - a +1 scale mail
 g - a +0 ring mail
Potions
 m - 2 potions of brilliance
Books
 a - a book of Conjurations

   Spells                             Type                      Level
   a - Magic Dart                     Conjuration                  1
   b - Searing Ray                    Conjuration                  2
   c - Dazzling Spray                 Conjuration/Hexes            3
   d - Fulminant Prism                Conjuration/Hexes            4
   e - Iskenderun's Mystic Blast      Conjuration                  4
   f - Iskenderun's Battlesphere      Conjuration/Charms           5
Comestibles
 b - 3 bread rations
 h - a meat ration
 l - a beef jerky


   Skills:
 + Level 1.3 Fighting
 - Level 1.7 Dodging
 - Level 1.7 Stealth
 - Level 5.0 Spellcasting
 + Level 5.0 Conjurations


You had 9 spell levels left.
You knew the following spells:

 Your Spells              Type           Power        Failure   Level  Hunger
a - Magic Dart            Conj           ###.         1%          1    None
b - Dazzling Spray        Conj/Hex       ##....       17%         3    ##.....
c - Searing Ray           Conj           ###...       2%          2    #......


Dungeon Overview and Level Annotations

Branches:
Dungeon (4/15)
 Temple: D:4-7

Altars:
Xom


Innate Abilities, Weirdness & Mutations

Your plain brown scales are hard. (AC +6)
You cannot fit into any form of body armour.
You are cold-blooded and may be slowed by cold attacks.


Message History

The sky beast barely misses you.
Without enough magic to sustain it, your searing ray dissipates.
The sky beast hits you but does no damage.
You feel better. The sky beast closely misses you.
You see here 7 gold pieces.
You hit the sky beast but do no damage.
The sky beast is severely wounded.
The sky beast barely misses you.
You closely miss the sky beast.
The sky beast is severely wounded.
The sky beast hits you.
* * * LOW HITPOINT WARNING * * *
The sky beast shocks you.
* * * LOW HITPOINT WARNING * * *
The sky beast flickers out of sight!
Deactivating autopickup; reactivate with Ctrl-A.
You miss something. Something hits you.
* * * LOW HITPOINT WARNING * * *
Something shocks you.
You die...

** *, *, *, *,
######### **##**
#....@.h### *,.##
#..####.$.##### *,..#
#*,,,*###..†..####..#*
***,,,.###.........##
***#...........#.$.
#####...??..#...
##########
#.......#...
#........#
####........
#........## #........


You could see a jackal.

Vanquished Creatures
  A howler monkey (D:4)
  A hound (D:4)
  An orc priest (D:3)
  Jessica (D:2)
  A worker ant (D:4)
  2 adders
  3 oozes
  4 worms
  2 dart slugs
  2 leopard geckos
  7 orcs (D:3)
  7 bats
  4 giant cockroaches
  8 goblins
  5 hobgoblins
  5 jackals
  7 kobolds
  A quokka (D:3)
  A ball python (D:1)
  3 frilled lizards (D:3)
  4 rats
70 creatures vanquished.

Notes
Turn   | Place    | Note
-------+----------+-------------------------------------------
     0 | D:1      | RomanaTColgate the Draconian Conjurer began the quest for the Orb.
     0 | D:1      | Reached XP level 1. HP: 14/14 MP: 3/3
   435 | D:2      | Reached XP level 2. HP: 20/20 MP: 1/5
  1116 | D:1      | Reached XP level 3. HP: 26/26 MP: 4/7
  1475 | D:2      | Noticed Jessica
  1503 | D:2      | Killed Jessica
  1503 | D:2      | Reached XP level 4. HP: 15/33 MP: 3/10
  1675 | D:2      | Learned a level 3 spell: Dazzling Spray
  1678 | D:2      | Learned a level 2 spell: Searing Ray
  2363 | D:2      | You fall through a shaft!
  2632 | D:3      | Found a faded altar of an unknown god.
  2704 | D:3      | Reached XP level 5. HP: 14/38 MP: 0/12
  2994 | D:3      | Reached skill level 5 in Spellcasting
  3300 | D:3      | Found a shimmering altar of Xom.
  3302 | D:3      | Found a stormy altar of Qazlal.
  3302 | D:3      | Found a snail-covered altar of Cheibriados.
  3304 | D:3      | Found a shimmering altar of Xom.
  3304 | D:3      | Found a deep blue altar of Sif Muna.
  3304 | D:3      | Found an opulent altar of Gozag.
  3867 | D:4      | Noticed a sky beast
  3867 | D:4      | Reached skill level 1 in Fighting
  3867 | D:4      | Reached XP level 6. HP: 45/47 MP: 8/13
  3890 | D:4      | Reached skill level 5 in Conjurations
  3899 | D:4      | Slain by a sky beast

Skill      XL: |  1  2  3  4  5  6 |
---------------+-------------------+-----
Spellcasting   | 3 4 5 |  5.0
Fighting       | 1 |  1.3
Conjurations   | 5 |  5.0
Dodging        | |  1.7
Stealth        | |  1.7

Action                   |  1- 3 |  4- 6 || total
-------------------------+-------+-------++-------
Melee: Unarmed           |    20 |       ||    20
       Tailslap          |     9 |    11 ||    20
       Club              |    69 |    44 ||   113
       Dagger            |       |    78 ||    78
 Cast: Magic Dart        |    47 |    52 ||    99
       Searing Ray       |       |    13 ||    13
       Dazzling Spray    |       |     2 ||     2
  Use: Scroll            |     2 |     7 ||     9
       Potion            |       |     3 ||     3
  Eat: Chunk             |     2 |     7 ||     9
Armor: Skin              |    55 |    53 ||   108
Dodge: Dodged            |   103 |   103 ||   206
